 Dungeon Crawl Stone Soup version 0.26-a0-665-gefeb406119 (webtiles) character file.

Game seed: 10801944744527471299

628357 vortex the Eclecticist (level 26, -13/174 HPs)
             Began as a Deep Elf Fire Elementalist on Oct 13, 2020.
             Was the Champion of Vehumet.
             Killed from afar by an electric golem (28 damage)
             ... with a bolt of lightning
             ... on level 2 of the Realm of Zot on Oct 14, 2020.
             The game lasted 08:58:13 (84222 turns).

vortex the Eclecticist (DEFE)                      Turns: 84222, Time: 08:58:14

Health: -13/174    AC: 33    Str: 14      XL:     26   Next: 71%
Magic:  29/49      EV: 21    Int: 46 (48) God:    Vehumet [******]
Gold:   784        SH: 12    Dex: 13 (15) Spells: 5/65 levels left

rFire    + + +     SeeInvis .   L - staff of fire
rCold    + . .     Faith    .   F - +3 buckler {reflect}
rNeg     + + .     Spirit   .   q - +8 fire dragon scales
rPois    +         Reflect  +   C - +2 hat {Int+3}
rElec    .         Harm     .   s - +1 cloak of the Wilderness {rN++}
rCorr    .         Rampage  .   P - +2 pair of gloves "Seakizic" {rPois Str+2 Slay-3}
MR       +++..                  c - +2 pair of boots {run}
Stlth    +++++.....             X - amulet "Nieptafuho" {RegenMP *Corrode *Drain Str+2 Int+9}
HPRegen  0.79/turn              j - +6 ring of intelligence
MPRegen  0.31/turn              A - ring "Gagofal" {rC+ EV+4}

@: studying Necromancy, quick
A: antennae 1, beak, icy blue scales 1, large bone plates 1, thin metallic
scales 1, blink, cold resistance 1, magic resistance 1, regeneration 1, robust
1, strong 1, evolution 1, subdued magic 1
}: 4/15 runes: decaying, serpentine, slimy, abyssal
a: Blink, Renounce Religion


You were on level 2 of the Realm of Zot.
You worshipped Vehumet.
Vehumet was exalted by your worship.
You visited 12 branches of the dungeon, and saw 54 of its levels.
You visited the Abyss 1 time.
You visited 2 bazaars.
You also visited: Trove.

You collected 9316 gold pieces.
You spent 8532 gold pieces at shops.

Inventory:

Hand Weapons
 U - the +5 double sword of vortex's Sudden Death {holy, +Inv Str+2 Int+2}
   (You bought it in a shop in a bazaar)

   It has been blessed by the Shining One to cause great damage to the undead
   and demons.
   It affects your strength (+2).
   It affects your intelligence (+2).
   It lets you turn invisible.
Missiles
 l - 122 poisoned darts (quivered)
Armour
 c - a +2 pair of boots of running (worn)
 q - +8 fire dragon scales (worn)
 s - the +1 cloak of the Wilderness (worn) {rN++}
   (You found it on level 6 of the Dungeon)

   It greatly protects you from negative energy.
 C - a +2 hat of intelligence (worn)
 F - a +3 buckler of reflection (worn)
 P - the +2 pair of gloves "Seakizic" (worn) {rPois Str+2 Slay-3}
   (You found it in a treasure trove)

   It affects your strength (+2).
   It affects your accuracy and damage with ranged weapons and melee attacks
   (-3).
   It protects you from poison.
Magical Staves
 L - an uncursed staff of fire (weapon)
Jewellery
 j - a +6 ring of intelligence (left hand)
 p - an uncursed ring of see invisible
 A - the ring "Gagofal" (right hand) {rC+ EV+4}
   (You took it off a deep elf annihilator on level 3 of the Elven Halls)

   [ring of evasion]

   It affects your evasion (+4).
   It protects you from cold.
 N - an uncursed ring of flight
 X - the amulet "Nieptafuho" (around neck) {RegenMP *Corrode *Drain Str+2 Int+9}
   (You found it on level 5 of the Lair of Beasts)

   [amulet of magic regeneration]

   It increases your magic regeneration.
   It affects your strength (+2).
   It affects your intelligence (+9).
   It may corrode you when you take damage.
   It causes draining when unequipped.
Wands
 I - a wand of acid (68)
 M - a wand of iceblast (67)
 S - a wand of digging (32)
 V - a wand of disintegration (52)
Scrolls
 b - 19 scrolls of teleportation
 d - 24 scrolls of remove curse
 g - 19 scrolls of magic mapping
 k - 13 scrolls of fear
 r - 3 scrolls of summoning
 u - 2 scrolls of immolation
 w - 22 scrolls of identify
 y - 6 scrolls of fog
 G - 11 scrolls of amnesia
 H - 5 scrolls of torment
 R - 4 scrolls of holy word
 W - 2 scrolls of enchant armour
 Z - 9 scrolls of blinking
Potions
 a - 5 potions of resistance
 e - 9 potions of haste
 f - 8 potions of flight
 h - 4 potions of mutation
 i - 4 potions of berserk rage
 o - 4 potions of ambrosia
 t - 29 potions of curing
 v - 10 potions of heal wounds
 x - a potion of magic
 z - 4 potions of brilliance
 D - 9 potions of cancellation
 E - 5 potions of lignification
 K - 3 potions of invisibility
Books
 Y - a manual of Necromancy
Miscellaneous
 m - a phantom mirror
 n - a tin of tremorstones (3/3)
 B - a box of beasts (3/3)
 J - a phial of floods
 O - a lightning rod (4/4)
 Q - a condenser vane (2/2)


   Skills:
 - Level 14.4 Fighting
 - Level 4.0 Throwing
 - Level 7.5 Armour
 - Level 17.9 Dodging
 - Level 19.1 Stealth
 - Level 4.0 Shields
 - Level 20.2 Spellcasting
 - Level 19.4 Conjurations
 + Level 14.4 Necromancy
 + Level 11.2 Transmutations
 - Level 19.9 Fire Magic
 - Level 18.1 Earth Magic
 - Level 16.5 Evocations


You had 5 spell levels left.
You knew the following spells:

 Your Spells              Type           Power        Failure   Level
a - Foxfire               Conj/Fire      ####         0%          1
b - Necromutation         Tmut/Necr      #######...   50%         8
c - Sticky Flame          Conj/Fire      ########     0%          4
d - Statue Form           Tmut/Erth      #######..    1%          6
e - Starburst             Conj/Fire      ########..   1%          6
f - Fireball              Conj/Fire      ########..   0%          5
g - Ignition              Fire           ########..   1%          8
i - Iron Shot             Conj/Erth      ########..   1%          6
p - Passwall              Tmut/Erth      #######.     0%          2
r - Lee's Rapid Deconstr  Erth           ########..   0%          5
s - Fire Storm            Conj/Fire      ########..   14%         9

Your spell library contained the following spells:

 Spells                   Type           Power        Failure   Level
 Chain Lightning          Conj/Air       #######...   45%         8
 Animate Skeleton         Necr           ######       0%          1
 Beastly Appendage        Tmut           ######       0%          1
 Magic Dart               Conj           ####         0%          1
 Pain                     Necr           ####         0%          1
 Shock                    Conj/Air       ####         0%          1
 Searing Ray              Conj           ######       0%          2
 Wereblood                Tmut           #######.     0%          2
 Conjure Flame            Conj/Fire      ########     0%          3
 Stone Arrow              Conj/Erth      ######       0%          3
 Vampiric Draining        Necr           #######...   0%          3
 Bolt of Magma            Conj/Fire/Erth ########..   0%          5
 Iskenderun's Battlesphe  Conj           ########     0%          5
 Apportation              Tloc           #####.       1%          1
 Corona                   Hex            #####..      1%          1
 Freeze                   Ice            ####         1%          1
 Summon Small Mammal      Summ           ####         1%          1
 Corpse Rot               Necr/Air       N/A          1%          2
 Dazzling Flash           Conj/Hex       ######       1%          3
 Frozen Ramparts          Ice            #####.       1%          3
 Ignite Poison            Fire/Tmut/Pois ########     1%          3
 Inner Flame              Hex/Fire       ########     1%          3
 Mephitic Cloud           Conj/Pois/Air  ######..     1%          3
 Spider Form              Tmut/Pois      ######....   1%          3
 Static Discharge         Conj/Air       #######.     1%          3
 Animate Dead             Necr           #######...   1%          4
 Fulminant Prism          Conj/Hex       #######...   1%          4
 Hailstorm                Conj/Ice       #######.     1%          4
 Ice Form                 Ice/Tmut       ######..     1%          4
 Iskenderun's Mystic Bla  Conj/Tloc      #######.     1%          4
 Leda's Liquefaction      Hex/Erth       #######...   1%          4
 Petrify                  Tmut/Erth      #######.     1%          4
 Agony                    Necr           #######.     1%          5
 Blade Hands              Tmut           #######...   1%          5
 Borgnjor's Vile Clutch   Necr/Erth      ########..   1%          5
 Lightning Bolt           Conj/Air       #######...   1%          5
 Yara's Violent Unravell  Hex/Tmut       ######....   1%          5
 Blink                    Tloc           N/A          2%          2
 Call Imp                 Summ           #####...     2%          2
 Slow                     Hex            #####...     2%          2
 Swiftness                Air            #####...     2%          2
 Call Canine Familiar     Summ           #####...     4%          3
 Confusing Touch          Hex            #####...     4%          3
 Gell's Gravitas          Tloc           #####.....   4%          3
 Ozocubu's Armour         Ice            #####...     4%          3
 Portal Projectile        Hex/Tloc       #####.       4%          3
 Summon Guardian Golem    Hex/Summ       #####...     4%          3
 Teleport Other           Tloc           #####...     4%          3
 Airstrike                Air            #####.....   4%          4
 Passage of Golubria      Tloc           N/A          16%         4
 Summon Ice Beast         Ice/Summ       #####...     16%         4
 Summon Lightning Spire   Summ/Air       #####...     16%         4
 Metabolic Englaciation   Hex/Ice        #####.....   43%         5
 Silence                  Hex/Air        #####.....   43%         5
 Summon Demon             Summ           #####.....   43%         5
 Summon Forest            Summ/Tloc      #####.....   43%         5
 Conjure Ball Lightning   Conj/Air       #######...   1%          6
 Death Channel            Necr           #######...   1%          6
 Hydra Form               Tmut           #######...   1%          6
 Orb of Destruction       Conj           ########..   1%          7
 Spellforged Servitor     Conj/Summ      #######...   7%          7
 Simulacrum               Ice/Necr       ######....   13%         6
 Eringya's Noxious Bog    Tmut/Pois      ######....   24%         6
 Shatter                  Erth           ########..   26%         9
 Borgnjor's Revivificati  Necr           #######...   28%         8
 Infestation              Necr           #######...   28%         8
 Haunt                    Necr/Summ      ######....   58%         7
 Invisibility             Hex            #####...     95%         6
 Death's Door             Necr           #######...   99%         9
 Malign Gateway           Summ/Tloc      #####.....   100%        7
 Monstrous Menagerie      Summ           #####.....   100%        7
 Summon Greater Demon     Summ           #####.....   100%        7
 Summon Hydra             Summ           #####.....   100%        7
 Summon Horrible Things   Summ           #####.....   100%        8
 Tornado                  Air            #####.....   100%        9


Dungeon Overview and Level Annotations

Branches:
Dungeon (15/15)            Temple (1/1) D:6            Lair (6/6) D:11
  Swamp (4/4) Lair:4        Snake (4/4) Lair:3        Slime (5/5) Lair:5
    Orc (2/2) D:9             Elf (3/3) Orc:2        Vaults (4/5) D:14
  Crypt (3/3) Vaults:2       Tomb (0/3) Crypt:3      Depths (5/5) D:15
    Zot (2/5) Depths:5

Altars:
Ashenzari
Cheibriados
Dithmenos
Elyvilon
Fedhas
Gozag
Hepliaklqana
Kikubaaqudgha
Makhleb
Nemelex Xobeh
Okawaru
Qazlal
Sif Muna
Trog
Uskayaw
Vehumet
Wu Jian
Xom
Yredelemnul
Zin
The Shining One
Beogh

Shops:
D:12 }   Orc:1 (   Orc:2 *:?[   Elf:1 :   Elf:3 }=:*   Vaults:1 }   Vaults:4 [
Depths:2 ?   Depths:5 [*

Portals:
Hell: Depths:1 Depths:2 Depths:3 Depths:4 Depths:5
Abyss: Depths:1 Depths:4
Pandemonium: Orc:2 Depths:3 Depths:4
Ziggurat: Depths:4


Innate Abilities, Weirdness & Mutations

You have a pair of small antennae on your head.
You have a beak for a mouth.
You are partially covered in icy blue scales. (AC +2)
You are partially covered in large bone plates. (SH +4)
You are partially covered in thin metallic scales. (AC +2)
You can translocate small distances at will.
Your flesh is cold resistant. (rC+)
You are resistant to hostile enchantments. (MR+)
Your natural rate of healing is unusually fast.
You are robust. (+10% HP)
Your muscles are strong. (Str +2)
You evolve.
Your spells are a little easier to cast, but a little less powerful.


Message History

You feel magically purged.
Your transformation has ended.
Your uncursed staff of fire unmelds from your body.
The +1 cloak of the Wilderness {rN++} unmelds from your body.
Your +2 hat of intelligence unmelds from your body.
The +2 pair of gloves "Seakizic" {rPois Str+2 Slay-3} unmelds from your body.
Your +2 pair of boots of running unmelds from your body.
Your +3 buckler of reflection unmelds from your body.
Your +8 fire dragon scales unmelds from your body.
Your +6 ring of intelligence unmelds from your body.
The ring "Gagofal" {rC+ EV+4} unmelds from your body.
The amulet "Nieptafuho" {RegenMP *Corrode *Drain Str+2 Int+9} unmelds from your body.
You feel clever.
You feel quick.
You feel clever.
Your hearing returns.
The electric golem blinks!
The electric golem hurls lightning at you.
The bolt of lightning hits you!!
You die...

#+++# ##### ##≈§..§
## ##^..## ##≈.§....
##.
####^.^.^####§.......
≈####..
#.'.^..p.[.Xp).).....
.....$.
#.'..)<[..8.≈@8§..<..
.≈.8.§.
#.'..[.))....[.......
p.....8
#.##..).^####≈.......
≈####.. ##$..##
##≈..!... ##. #####
##≈..8≈ ## ##§## ##


You could see 2 Killer Klowns, 2 electric golems and a tentacled monstrosity.

Vanquished Creatures
  the Royal Jelly (Slime:5)
  Khufu (Crypt:3)
  Mennas (Vaults:4)
  Mara (Depths:1)
  A juggernaut (Depths:2)
  An ancient lich (Zot:1)
  Bai Suzhen (Depths:2)
  A greater mummy (Crypt:3)
  Vashnia (Snake:4)
  Margery (Vaults:4)
  Frederick (Depths:3)
  4 Killer Klowns (Zot:2)
  2 curse toes (Crypt:3)
  2 caustic shrikes
  The ghost of grandjackal the Warrior, a veteran DrWz of Gozag (D:15)
  4 golden dragons
  the Enchantress (Depths:4)
  Jory (Crypt:3)
  2 bone dragons (Depths:5)
  7 tentacled monstrosities
  Jorgrun (D:14)
  7 liches
  2 deep elf master archers (Elf:3)
  4 deep elf blademasters
  Rupert (D:13)
  25 acid blobs
  5 quicksilver dragons (Zot:1)
  A titan (Depths:4)
  3 death cobs (Zot:1)
  10 ancient champions
  5 sphinxes
  A thorn hunter (Swamp:4)
  5 storm dragons
  The ghost of Matygoc the Slicer, an adept HaSk of Okawaru (Swamp:1)
  24 azure jellies
  6 revenants
  5 shadow dragons
  A tengu reaver (Depths:3)
  12 nagarajas
  4 draconian monks
  7 fire giants
  9 frost giants
  A draconian knight (Zot:1)
  6 deep elf sorcerers (Elf:3)
  9 vault wardens
  An orc warlord (Vaults:2)
  2 iron dragons
  2 draconian scorchers
  3 deep elf elementalists
  Aizul (Swamp:3)
  Louise (Swamp:3)
  4 curse skulls
  2 draconian shifters
  2 draconian stormcallers
  9 spriggan defenders
  2 draconian annihilators (Zot:1)
  14 very ugly things
  A reaper (Crypt:3)
  8 ghouls
  5 ironheart preservers
  13 stone giants
  2 green draconians
  An entropy weaver (Vaults:4)
  4 deep elf demonologists
  5 vampire knights
  3 grey draconians (Zot:2)
  13 purple draconians
  Azrael (Snake:2)
  4 white draconians
  4 black draconians (Zot:1)
  4 yellow draconians
  4 spark wasps
  7 deep elf annihilators
  6 red draconians
  10 deep elf death magi
  Josephine (Orc:2)
  4 eidola
  8 ettins
  8 death oozes
  6 fire dragons
  3 mummy priests (Crypt:3)
  13 jiangshi
  Fannar (Orc:1)
  8 deep elf high priests (Elf:3)
  13 great orbs of eyes
  16 yaktaur captains
  3 rakshasas
  17 naga warriors
  5 vault guards
  26 hydras
  12 ice dragons
  6 boulder beetles
  16 two-headed ogres
  5 ghost crabs (Swamp:3)
  3 catoblepae
  7 shambling mangroves
  10 anacondas
  3 death knights
  9 deep troll earth magi
  10 centaur warriors
  3 spriggan air magi
  23 dancing weapons
  Erica (D:8)
  14 alligators
  5 deep troll shamans
  A death yak (Lair:5)
  6 ogre magi
  6 tengu warriors
  5 vampire magi
  Urug (Orc:1)
  4 spriggan berserkers
  14 hell knights
  8 naga sharpshooters
  5 orc high priests (Orc:2)
  19 spriggans
  A soul eater (Crypt:3)
  5 shadow wraiths
  12 shock serpents
  20 deep elf knights
  3 salamander mystics
  14 skeletal warriors
  2 iron trolls
  11 swamp dragons
  5 flayed ghosts
  8 wizards
  2 unseen horrors
  4 glowing orange brains
  7 spriggan druids
  10 naga ritualists
  An anaconda zombie (Crypt:3)
  22 deep trolls
  14 deep elf archers
  A gelid demonspawn (Orc:2)
  65 deep elf magi
  11 phantasmal warriors
  An infernal demonspawn (Orc:2)
  10 ironbrand convokers
  A shadow dragon zombie (Crypt:3)
  31 ugly things
  An anaconda skeleton (Crypt:3)
  A harpy (shapeshifter) (Depths:2)
  17 orc knights
  2 wolf spiders
  3 lindwurms
  8 necromancers
  An oklob plant (Lair:1)
  13 mana vipers
  A cyclops (shapeshifter) (Depths:5)
  8 orc sorcerers (Orc:2)
  7 cyclopes
  10 shining eyes
  5 draconians (Abyss:4)
  A stone giant zombie (Crypt:1)
  5 moths of wrath (Zot:1)
  A large abomination (Abyss:4)
  11 salamanders
  A frost giant skeleton (Crypt:3)
  2 manticores
  An elephant (shapeshifter) (Vaults:2)
  2 centaur zombies
  2 fire giant skeletons
  6 elephants
  2 black mambas (shapeshifter)
  7 guardian serpents
  8 naga magi
  6 vault sentinels
  An iron dragon skeleton (Crypt:3)
  3 eyes of devastation
  5 apocalypse crabs
  30 black mambas
  3 smoke demons
  28 cane toads
  A centaur skeleton (D:11)
  3 gargoyles
  A catoblepas zombie (Crypt:3)
  9 torpor snails
  9 komodo dragons
  55 yaktaurs
  A kobold demonologist (D:14)
  An elephant slug zombie (Crypt:1)
  An efreet (Abyss:4)
  A tormentor (Abyss:4)
  9 freezing wraiths
  2 rime drakes
  14 guardian mummies (Crypt:3)
  A red devil (Depths:4)
  A tengu conjurer (Depths:2)
  A white draconian skeleton (Crypt:3)
  A hellwing (Depths:4)
  A jumping spider (Vaults:4)
  13 trolls
  An iron troll skeleton (Crypt:2)
  12 polar bears
  2 catoblepas skeletons (Crypt:3)
  A wind drake (shapeshifter) (Depths:4)
  A meliai (shapeshifter) (Depths:4)
  11 blink frogs
  Grinder (D:6)
  9 tyrant leeches
  41 hornets
  A fire giant simulacrum (Vaults:3)
  A boulder beetle zombie (Crypt:1)
  3 dream sheep
  An alligator zombie (Crypt:3)
  10 bog bodies
  117 slime creatures
  4 raiju (Lair:6)
  6 flying skulls (Crypt:1)
  3 redbacks (Vaults:4)
  3 starcursed masses (Abyss:4)
  3 vampires (Vaults:2)
  An ice dragon skeleton (Crypt:2)
  7 shadows
  6 water elementals
  3 air elementals
  2 ettin skeletons (Crypt:2)
  5 wyverns
  A fire dragon skeleton (Crypt:1)
  10 wraiths
  A ynoxinul (Orc:2)
  Eustachio (D:4)
  5 basilisks
  15 golden eyes
  A golden eye (shapeshifter) (Vaults:1)
  A hog (shapeshifter) (Depths:2)
  19 humans (D:14)
  4 fire elementals
  3 ushabtiu (Crypt:3)
  20 vampire mosquitoes
  A wind drake skeleton (Crypt:3)
  54 yaks
  58 nagas
  3 acid dragons
  21 swamp worms
  8 wargs
  15 insubstantial wisps
  A soldier ant (D:13)
  24 water moccasins
  A hydra simulacrum (Crypt:1)
  2 floating eyes
  19 hell hounds
  A black bear (shapeshifter) (Vaults:2)
  3 ice beasts
  12 black bears
  3 phantoms
  12 swamp drakes
  72 orc warriors
  29 wolves
  5 sky beasts
  32 ogres
  A snapping turtle zombie (Crypt:3)
  3 necrophages
  14 eyes of draining
  20 boggarts
  A blink frog zombie (Crypt:2)
  21 centaurs
  A snapping turtle skeleton (Crypt:1)
  Blork the orc (D:6)
  A komodo dragon zombie (Crypt:1)
  5 big kobolds
  18 bullfrogs
  3 gnoll sergeants
  An earth elemental (Elf:1)
  A wyvern skeleton (D:9)
  4 scorpions
  9 killer bees
  15 wights
  4 crimson imps
  2 human zombies
  A lava snake (D:10)
  3 bullfrog skeletons
  9 hounds
  4 jellies
  18 orc wizards
  41 orc priests
  A black bear zombie (Crypt:2)
  2 iguanas
  A black bear skeleton (Crypt:3)
  An iguana (shapeshifter) (Vaults:4)
  Ijyb (D:3)
  16 worker ants
  A deep dwarf zombie (Crypt:1)
  A human simulacrum (Crypt:3)
  A hound skeleton (D:6)
  A mummy (Crypt:3)
  A howler monkey zombie (D:7)
  A worker ant zombie (D:6)
  4 gnolls
  16 adders
  2 swamp drake skeletons
  3 shadow imps
  A white imp (D:7)
  An ufetubus (D:6)
  2 adder zombies
  A halfling skeleton (Crypt:3)
  An iguana skeleton (Crypt:1)
  4 worms
  A dart slug (D:1)
  4 leopard geckos
  134 orcs
  7 giant cockroaches
  3 goblins
  4 hobgoblins
  16 jackals
  11 kobolds
  4 quokkas
  2 ball pythons (Lair:3)
  5 bats
  6 frilled lizards
  A leopard gecko skeleton (D:4)
  A quokka skeleton (D:9)
  3 rats
  A rat skeleton (Crypt:2)
  A butterfly (Lair:5)
2424 creatures vanquished.

Vanquished Creatures (collateral kills)
  A greater mummy (Crypt:3)
  An acid blob (Slime:5)
  A shadow dragon (Abyss:4)
  2 cacodemons (Abyss:4)
  A great orb of eyes (Abyss:4)
  Harold (D:10)
  A thrashing horror (Abyss:4)
  A slime creature (Swamp:3)
  47 foxfires
56 creatures vanquished.

Vanquished Creatures (others)
  An ice dragon (Depths:1)
  A black mamba (Snake:2)
  A raiju (shapeshifter) (Depths:1)
  A yak (Lair:6)
  12 fire vortices
  4285 foxfires
  36 fungi
  114 plants
  2 starspawn tentacles (Abyss:4)
4453 creatures vanquished.

Grand Total: 6933 creatures vanquished

Notes
Turn   | Place    | Note
-------+----------+-------------------------------------------
     0 | D:1      | vortex the Deep Elf Fire Elementalist began the quest for
                  | the Orb.
     0 | D:1      | Reached XP level 1. HP: 10/10 MP: 6/6
   337 | D:1      | Reached XP level 2. HP: 15/15 MP: 5/8
  1005 | D:2      | Reached XP level 3. HP: 20/20 MP: 5/9
  1623 | D:3      | Found an ornate altar of the Wu Jian Council.
  1904 | D:3      | Reached XP level 4. HP: 22/24 MP: 4/11
  2000 | D:3      | Found a shadowy altar of Dithmenos.
  2079 | D:3      | Noticed Ijyb
  2187 | D:3      | Gained mutation: Your flesh is cold resistant. (rC+)
                  | [potion of mutation]
  2187 | D:3      | Gained mutation: You are frail. (-10% HP) [potion of
                  | mutation]
  2187 | D:3      | Gained mutation: You evolve. [potion of mutation]
  2192 | D:3      | Killed Ijyb
  2192 | D:3      | Reached skill level 1 in Fighting
  2346 | D:3      | Learned a level 3 spell: Conjure Flame
  2351 | D:3      | Learned a level 4 spell: Sticky Flame
  2476 | D:3      | Found a shimmering altar of Xom.
  2876 | D:3      | Reached XP level 5. HP: 26/26 MP: 8/12
  3297 | D:3      | Found a blossoming altar of Fedhas.
  3297 | D:3      | Found an opulent altar of Gozag.
  3580 | D:4      | Reached skill level 1 in Evocations
  3705 | D:4      | Reached skill level 4 in Spellcasting
  3847 | D:4      | Reached XP level 6. HP: 21/30 MP: 9/14
  4408 | D:4      | Noticed Eustachio
  4531 | D:4      | Lost mutation: You are frail. (-10% HP) [evolution]
  4726 | D:4      | Learned a level 5 spell: Fireball
  4839 | D:4      | Found a basalt altar of Yredelemnul.
  5082 | D:4      | Reached skill level 1 in Armour
  5451 | D:4      | Found an iron altar of Okawaru.
  5532 | D:4      | Killed Eustachio
  5532 | D:4      | Reached XP level 7. HP: 21/39 MP: 1/15
  5857 | D:4      | Gained mutation: You rapidly evolve. [evolution]
  5892 | D:5      | Entered Level 5 of the Dungeon
  6049 | D:5      | Got an iridescent hand axe
  6050 | D:5      | Identified the +7 hand axe of Tihuf {elec, rF++ MR-} (You
                  | found it on level 5 of the Dungeon)
  6119 | D:5      | Found a hide-covered altar of Uskayaw.
  6870 | D:5      | Reached skill level 1 in Throwing
  6870 | D:5      | Reached skill level 5 in Spellcasting
  6870 | D:5      | Reached skill level 5 in Conjurations
  6973 | D:5      | Gained mutation: You are partially covered in thin metallic
                  | scales. (AC +2) [evolution]
  7052 | D:4      | Reached XP level 8. HP: 18/44 MP: 10/17
  7650 | D:6      | Noticed Blork the orc
  7656 | D:6      | Killed Blork the orc
  7753 | D:6      | Got a distressingly furry cloak
  7764 | D:6      | Identified the +1 cloak of the Wilderness {rN++} (You found
                  | it on level 6 of the Dungeon)
  7785 | D:6      | Found a staircase to the Ecumenical Temple.
  7794 | Temple   | Entered the Ecumenical Temple
  7801 | Temple   | Became a worshipper of Vehumet
  7816 | D:6      | Reached skill level 5 in Stealth
  7816 | D:6      | Reached skill level 5 in Fire Magic
  7907 | D:6      | Reached skill level 5 in Dodging
  8307 | D:6      | Noticed Grinder
  8318 | D:6      | Killed Grinder
  8318 | D:6      | Reached skill level 6 in Spellcasting
  8318 | D:6      | Reached XP level 9. HP: 48/50 MP: 9/20
  8858 | D:7      | You fall into a shaft and drop 1 floor!
  8865 | D:8      | Reached * piety under Vehumet
  8865 | D:8      | Offered knowledge of Magic Dart by Vehumet.
  9028 | D:7      | Lost mutation: You rapidly evolve. [decline of evolution]
  9571 | D:7      | Found a sparkling altar of Nemelex Xobeh.
 10119 | D:7      | Learned a level 1 spell: Magic Dart
 10576 | D:8      | Offered knowledge of Searing Ray by Vehumet.
 10725 | D:8      | Found a glowing golden altar of the Shining One.
 10738 | D:8      | Reached ** piety under Vehumet
 11038 | D:8      | Reached skill level 7 in Spellcasting
 11143 | D:8      | Got an ancient hunting sling
 11144 | D:8      | Identified the +6 hunting sling of the Illusory Thickets
                  | {freeze, rPois Dex+3} (You found it on level 8 of the
                  | Dungeon)
 11314 | D:8      | Noticed Erica
 11325 | D:8      | Killed Erica
 11325 | D:8      | Reached XP level 10. HP: 56/56 MP: 19/22
 11436 | D:8      | Found a bloodstained altar of Trog.
 11493 | D:8      | Found a glowing golden altar of the Shining One.
 11823 | D:9      | Noticed a two-headed ogre
 12172 | D:9      | Offered knowledge of Ignite Poison by Vehumet.
 12267 | D:8      | Gained mutation: You are partially covered in large bone
                  | plates. (SH +4) [evolution]
 12346 | D:9      | Reached *** piety under Vehumet
 12526 | D:8      | Killed a two-headed ogre
 12526 | D:8      | Reached skill level 5 in Evocations
 12802 | D:9      | Offered knowledge of Dazzling Flash by Vehumet.
 13006 | D:9      | Found a stormy altar of Qazlal.
 13384 | D:9      | Reached **** piety under Vehumet
 13547 | D:9      | Found a roughly hewn altar of Beogh.
 13681 | D:9      | Offered knowledge of Lightning Bolt by Vehumet.
 13733 | D:9      | Found a glowing silver altar of Zin.
 13853 | D:9      | Reached skill level 8 in Spellcasting
 13853 | D:9      | Reached XP level 11. HP: 62/62 MP: 16/25
 14106 | D:9      | Found a staircase to the Orcish Mines.
 14401 | D:10     | Entered Level 10 of the Dungeon
 14504 | D:10     | Found an iron altar of Okawaru.
 14661 | D:10     | Noticed a two-headed ogre
 14678 | D:10     | Killed a two-headed ogre
 14844 | D:10     | Identified a scroll of acquirement
 14846 | D:10     | Acquired a +2 pair of boots of running
 14907 | D:10     | Found a shimmering altar of Xom.
 15209 | D:10     | Noticed Harold
 15217 | D:10     | Killed Harold
 15969 | D:11     | Noticed a tengu warrior
 15971 | D:11     | Noticed a tengu warrior
 15978 | D:11     | Killed a tengu warrior
 15985 | D:11     | Killed a tengu warrior
 16220 | D:11     | Noticed a skeletal warrior
 16221 | D:11     | Noticed a skeletal warrior
 16221 | D:11     | Noticed a skeletal warrior
 16229 | D:11     | Noticed a skeletal warrior
 16447 | D:11     | Reached skill level 5 in Fighting
 16529 | D:11     | Found the +3 sling "Punk" {acid, rCorr}
 16640 | D:11     | Reached ***** piety under Vehumet
 16863 | D:11     | Offered knowledge of Iskenderun's Battlesphere by Vehumet.
 17002 | D:11     | Found a staircase to the Lair.
 17072 | D:11     | Reached skill level 9 in Spellcasting
 17118 | D:11     | Noticed a skeletal warrior
 17138 | D:11     | Killed a skeletal warrior
 17355 | D:11     | Killed a skeletal warrior
 17355 | D:11     | Reached skill level 10 in Fire Magic
 17355 | D:11     | Reached XP level 12. HP: 68/68 MP: 17/27
 17948 | D:12     | Found Ikhlamy's Gadget Emporium.
 17959 | D:12     | Bought a wand of acid (4) for 192 gold pieces
 18382 | Lair:1   | Entered Level 1 of the Lair of Beasts
 18434 | D:11     | Reached skill level 1 in Shields
 18483 | D:10     | Gained mutation: You can translocate small distances at
                  | will. [evolution]
 19557 | Lair:1   | Noticed a four-headed hydra
 20162 | Lair:1   | Reached skill level 10 in Conjurations
 21019 | Lair:1   | Killed a four-headed hydra
 22385 | Lair:2   | Got a scorched helmet
 22396 | Lair:2   | Identified the +2 helmet of Supple Strength {rPois Regen+}
                  | (You found it on level 2 of the Lair of Beasts)
 23027 | Lair:3   | Reached skill level 10 in Spellcasting
 23088 | Lair:3   | Found a staircase to the Snake Pit.
 23305 | Lair:3   | Reached XP level 13. HP: 74/74 MP: 22/29
 23686 | Lair:3   | Reached skill level 10 in Stealth
 23800 | Lair:3   | Gained mutation: You are partially covered in icy blue
                  | scales. (AC +2) [evolution]
 24277 | Lair:4   | Found a staircase to the Swamp.
 25196 | Lair:5   | Reached skill level 10 in Dodging
 25601 | Lair:5   | Reached skill level 11 in Spellcasting
 25795 | Lair:5   | Learned a level 6 spell: Iron Shot
 25803 | Lair:5   | Learned a level 6 spell: Statue Form
 25930 | Lair:5   | Found a staircase to the Slime Pits.
 26155 | Lair:5   | Reached skill level 1 in Earth Magic
 26233 | Lair:5   | Got a translucent emerald amulet
 26244 | Lair:5   | Identified the amulet "Nieptafuho" {RegenMP *Corrode *Drain
                  | Str+2 Int+9} (You found it on level 5 of the Lair of
                  | Beasts)
 26557 | Lair:6   | Entered Level 6 of the Lair of Beasts
 26714 | Lair:6   | Reached XP level 14. HP: 82/82 MP: 16/31
 27009 | Lair:6   | Reached skill level 5 in Earth Magic
 27342 | Lair:6   | Found a runed translucent door.
 27664 | Lair:6   | Offered knowledge of Starburst by Vehumet.
 28582 | Lair:6   | Learned a level 6 spell: Starburst
 29416 | Lair:1   | Gained mutation: You are resistant to hostile enchantments.
                  | (MR+) [evolution]
 29488 | Orc:1    | Entered Level 1 of the Orcish Mines
 29488 | Orc:1    | Noticed Fannar
 29495 | Orc:1    | Killed Fannar
 29558 | Orc:1    | Reached skill level 10 in Earth Magic
 29569 | Orc:1    | Noticed Urug
 29574 | Orc:1    | Killed Urug
 29574 | Orc:1    | Reached skill level 1 in Transmutations
 29802 | Orc:1    | Found Wukuf's Weapon Boutique.
 29964 | Orc:2    | Entered Level 2 of the Orcish Mines
 30104 | Orc:2    | Noticed a stone giant
 30387 | Orc:2    | Offered knowledge of Yara's Violent Unravelling by Vehumet.
 30441 | Orc:2    | Killed a stone giant
 30441 | Orc:2    | Reached XP level 15. HP: 59/90 MP: 11/32
 30895 | Orc:2    | Found Agraugiu's Magic Scroll Emporium.
 30972 | Orc:2    | Found Seink's General Store.
 31061 | Orc:2    | Bought a scroll of identify for 24 gold pieces
 31061 | Orc:2    | Bought a scroll of fear for 42 gold pieces
 31061 | Orc:2    | Bought a scroll of identify for 24 gold pieces
 31061 | Orc:2    | Bought a scroll of identify for 24 gold pieces
 31061 | Orc:2    | Bought a scroll of identify for 24 gold pieces
 31061 | Orc:2    | Bought 2 scrolls of enchant armour for 180 gold pieces
 31061 | Orc:2    | Bought a scroll of magic mapping for 42 gold pieces
 31061 | Orc:2    | Bought a scroll of magic mapping for 42 gold pieces
 31061 | Orc:2    | Bought a scroll of magic mapping for 42 gold pieces
 31065 | Orc:2    | Bought a scroll of identify for 26 gold pieces
 31065 | Orc:2    | Bought a wand of iceblast (13) for 221 gold pieces
 31065 | Orc:2    | Bought a scroll of holy word for 97 gold pieces
 31065 | Orc:2    | Bought a scroll of identify for 26 gold pieces
 31065 | Orc:2    | Bought a potion of heal wounds for 65 gold pieces
 31065 | Orc:2    | Bought a scroll of identify for 26 gold pieces
 31238 | Orc:2    | Found a roughly hewn altar of Beogh.
 31300 | Orc:2    | Found a staircase to the Elven Halls.
 31354 | Orc:2    | Noticed Josephine
 31358 | Orc:2    | Killed Josephine
 32264 | Orc:2    | Found Ublor's Book Boutique.
 32264 | Orc:2    | Found Pugherr's Antique Armour Shop.
 32264 | Orc:2    | Found a one-way gate leading to the halls of Pandemonium.
 32265 | Orc:2    | Offered knowledge of Irradiate by Vehumet.
 32273 | Orc:2    | Bought an aquamarine-encrusted ring mail for 198 gold
                  | pieces
 32273 | Orc:2    | Bought a twisted ring mail for 198 gold pieces
 32273 | Orc:2    | Identified the cursed +1 ring mail "Dykh" {rPois} (You
                  | bought it in a shop on level 2 of the Orcish Mines)
 32274 | Orc:2    | Identified the +5 ring mail of Contentment {MR+} (You
                  | bought it in a shop on level 2 of the Orcish Mines)
 32377 | Orc:1    | Bought the +6 mace of vortex's Terror {freeze, Str+5} for
                  | 952 gold pieces
 33345 | D:13     | Got a smoking hand axe
 33346 | D:13     | Identified the +6 hand axe "Ytoce" {vorpal, rF+ Stlth+}
                  | (You found it on level 13 of the Dungeon)
 33660 | D:14     | Noticed Rupert
 33904 | D:13     | Killed Rupert
 34117 | D:14     | Reached skill level 5 in Transmutations
 34433 | D:14     | Noticed Jorgrun
 34439 | D:14     | Killed Jorgrun
 34820 | D:14     | Reached XP level 16. HP: 97/97 MP: 27/33
 34823 | D:14     | Identified the +8 spear "Pujimm" {protect, rF+}
 35181 | D:14     | Offered knowledge of Orb of Destruction by Vehumet.
 35237 | D:14     | Found a gate to the Vaults.
 35261 | D:14     | Learned a level 5 spell: Lee's Rapid Deconstruction
 35586 | D:15     | Entered Level 15 of the Dungeon
 35774 | D:15     | Reached skill level 12 in Spellcasting
 35826 | D:15     | Gained mutation: Your natural rate of healing is unusually
                  | fast. [evolution]
 35861 | D:15     | Found a staircase to the Depths.
 36007 | D:15     | Found an ancient bone altar of Kikubaaqudgha.
 36069 | D:15     | Noticed grandjackal's ghost (veteran DrWz)
 36070 | D:15     | Found a runed translucent door.
 36091 | D:15     | Reached skill level 10 in Fighting
 36783 | Swamp:1  | Entered Level 1 of the Swamp
 37232 | Swamp:1  | Noticed Matygoc's ghost (adept HaSk)
 37243 | Swamp:1  | Found a transporter.
 37251 | Swamp:1  | Found a transporter.
 37547 | Swamp:1  | Reached skill level 10 in Evocations
 37878 | Swamp:1  | Killed Matygoc's ghost
 38543 | Swamp:2  | Reached ****** piety under Vehumet
 39109 | Swamp:3  | Noticed Louise
 39113 | Swamp:3  | Killed Louise
 39172 | Swamp:3  | Offered knowledge of Freezing Cloud by Vehumet.
 39345 | Swamp:3  | Noticed Aizul
 39351 | Swamp:3  | Killed Aizul
 39636 | Swamp:3  | Found a runed translucent door.
 39724 | Swamp:3  | Reached XP level 17. HP: 103/103 MP: 26/35
 40339 | Swamp:3  | Reached skill level 13 in Spellcasting
 40618 | Swamp:4  | Entered Level 4 of the Swamp
 40633 | Swamp:3  | Paralysed by a hornet for 3 turns
 40815 | Swamp:4  | Gained mutation: You have a pair of small antennae on your
                  | head. [evolution]
 41060 | Swamp:4  | Offered knowledge of Ozocubu's Refrigeration by Vehumet.
 42248 | Swamp:4  | Got a decaying rune of Zot
 42441 | Snake:1  | Entered Level 1 of the Snake Pit
 43151 | Snake:1  | Found an ancient bone altar of Kikubaaqudgha.
 43611 | Snake:1  | Offered knowledge of Fire Storm by Vehumet.
 43611 | Snake:1  | Offered knowledge of Chain Lightning by Vehumet.
 43611 | Snake:1  | Offered knowledge of Ignition by Vehumet.
 43669 | Snake:1  | Gained mutation: You have a beak for a mouth. [evolution]
 44161 | Snake:2  | Noticed Azrael
 44263 | Snake:1  | Learned a level 8 spell: Ignition
 44609 | Snake:2  | Reached XP level 18. HP: 110/110 MP: 24/37
 44788 | Snake:2  | Killed Azrael
 45658 | Snake:2  | Reached skill level 14 in Spellcasting
 46340 | Snake:4  | Entered Level 4 of the Snake Pit
 47293 | Snake:4  | Found an iron altar of Okawaru.
 47946 | Snake:4  | Noticed Vashnia
 48033 | Snake:4  | Killed Vashnia
 48563 | Snake:4  | Reached XP level 19. HP: 115/115 MP: 28/39
 49041 | Snake:4  | Got a serpentine rune of Zot
 49286 | Vaults:1 | Entered Level 1 of the Vaults
 49412 | Vaults:1 | Found a hide-covered altar of Uskayaw.
 49890 | Vaults:1 | Found Udghitt's Gadget Shop.
 50804 | Vaults:1 | Bought a wand of acid (10) for 532 gold pieces
 50834 | Vaults:1 | Identified the +7 flail "Yqalat" {holy, rPois rF+}
 50842 | Vaults:1 | Reached skill level 15 in Spellcasting
 50920 | Vaults:1 | You fall into a shaft and drop 1 floor!
 51075 | Vaults:2 | Found a roughly hewn altar of Beogh.
 51082 | Vaults:2 | Reached skill level 15 in Stealth
 51395 | Vaults:2 | Found a staircase to the Crypt.
 53046 | Vaults:3 | Reached XP level 20. HP: 92/122 MP: 14/41
 53594 | Vaults:3 | Found a portal to a secret trove of treasure.
 54721 | Vaults:4 | Reached skill level 15 in Fire Magic
 54884 | Vaults:4 | Acquired a +2 hat
 55073 | Vaults:4 | Noticed Mennas
 55083 | Vaults:4 | Killed Mennas
 55339 | Vaults:4 | Reached skill level 16 in Spellcasting
 55382 | Vaults:4 | Found Roptyid's Antique Armour Emporium.
 55417 | Vaults:4 | Noticed Margery
 55426 | Vaults:4 | Killed Margery
 55620 | Vaults:4 | Reached skill level 15 in Earth Magic
 55715 | Vaults:4 | Learned a level 9 spell: Fire Storm
 56125 | Vaults:4 | Reached skill level 15 in Dodging
 56356 | Vaults:4 | Reached skill level 15 in Conjurations
 56861 | Elf:1    | Entered Level 1 of the Elven Halls
 56979 | Orc:2    | Gained mutation: You are robust. (+10% HP) [evolution]
 57153 | D:15     | Killed grandjackal's ghost
 57903 | Elf:1    | You fall into a shaft and drop 1 floor!
 57916 | Elf:2    | Found a runed translucent gate.
 57916 | Elf:2    | Found a runed translucent gate.
 57916 | Elf:2    | Found a runed translucent gate.
 58051 | Elf:1    | Reached XP level 21. HP: 140/140 MP: 29/43
 58171 | Elf:1    | Found Oheefuaz's Book Boutique.
 58347 | Elf:1    | Identified Uruerph's Papyrus of Attacks
 58352 | Elf:1    | Learned a level 2 spell: Passwall
 60314 | Elf:2    | Got a smelly chain mail
 60315 | Elf:2    | Identified the cursed +0 chain mail "Zatsiah" {rCorr Str+2}
                  | (You found it on level 2 of the Elven Halls)
 60372 | Elf:3    | Entered Level 3 of the Elven Halls
 60437 | Elf:3    | Found Ehuadgh's Book Shoppe.
 60655 | Elf:3    | Found Kuoclof's Gadget Boutique.
 60663 | Elf:3    | Bought a wand of iceblast (4) for 128 gold pieces
 60855 | Elf:3    | Found Foidwont's Jewellery Shop.
 60862 | Elf:3    | Got a steaming glass ring
 60864 | Elf:3    | Identified the ring "Deekhlut" {rElec rPois rN+} (You found
                  | it on level 3 of the Elven Halls)
 61055 | Elf:3    | Found Omaptaz's Assorted Antiques.
 61061 | Elf:3    | Bought a scroll labeled KEXTALL WELA for 44 gold pieces
 61061 | Elf:3    | Bought a knobbly ivory ring for 220 gold pieces
 61370 | Elf:3    | Cast into level 3 of the Abyss (a deep elf demonologist)
 61390 | Abyss:3  | Found a burning altar of Makhleb.
 61400 | Abyss:4  | Found a corrupted altar of Lugonu.
 61429 | Abyss:4  | Found a transporter.
 61444 | Abyss:4  | Reached skill level 5 in Armour
 61487 | Abyss:4  | Found a transporter.
 61488 | Abyss:4  | Got an abyssal rune of Zot
 61508 | Elf:3    | Escaped the Abyss
 61715 | Elf:3    | Reached XP level 22. HP: 141/147 MP: 29/44
 61855 | Elf:3    | Identified Kekk's Incunabulum of Translocation and the
                  | Escort
 61938 | Elf:3    | Identified the ring "Gagofal" {rC+ EV+4}
 61985 | Elf:3    | Got a fine bone ring
 61986 | Elf:3    | Identified the ring "Ischets" {rElec rF+ Str+3 Stlth-} (You
                  | found it on level 3 of the Elven Halls)
 62006 | Elf:3    | Found the +3 giant club "Skullcrusher" {speed, Str+7}
 62012 | Elf:3    | Got masterwork swamp dragon scales
 62023 | Elf:3    | Identified the +1 swamp dragon scales of Cocytus {rPois rN+
                  | Regen+ Str-5 Int+7} (You found it on level 3 of the Elven
                  | Halls)
 62049 | Elf:3    | Identified the Tome of Supportive Shape Shifting
 62053 | Elf:3    | Acquired 686 gold pieces
 62620 | Vaults:3 | You showed the abyssal rune of Zot to enter a treasure
                  | trove
 62621 | Trove    | Entered a treasure trove
 62625 | Trove    | Found the +3 pair of gauntlets of War {Slay+5}
 62626 | Trove    | Got a pair of fading boots
 62627 | Trove    | Identified the +1 pair of boots of Mewkyraf {rElec rN+}
                  | (You found it in a treasure trove)
 62673 | Trove    | Got a faintly glowing leather armour
 62674 | Trove    | Identified the +2 leather armour of Servitude {+Blink MR++
                  | MP+9 Dex-4} (You found it in a treasure trove)
 62679 | Trove    | Got a pair of polished gloves
 62680 | Trove    | Identified the +1 pair of gloves "Irchiodui" {MR+} (You
                  | found it in a treasure trove)
 62683 | Trove    | Got a pair of buzzing gloves
 62694 | Trove    | Identified the +2 pair of gloves "Seakizic" {rPois Str+2
                  | Slay-3} (You found it in a treasure trove)
 62759 | Trove    | Got a tiger eye-encrusted plate armour
 62957 | Depths:1 | Entered Level 1 of the Depths
 62962 | Depths:1 | Noticed Mara
 62974 | Depths:1 | Found a one-way gate to the infinite horrors of the Abyss.
 62979 | Depths:1 | Noticed vortex's illusion
 63037 | Depths:1 | Found a flickering gateway to a bazaar.
 63048 | Bazaar   | Entered a bazaar
 63076 | Bazaar   | Found Ilubbok's Antique Armour Boutique.
 63080 | Bazaar   | Found Ylifaila's Book Boutique.
 63080 | Bazaar   | Found Gikiupn's Distillery.
 63081 | Bazaar   | Found Seirch's Antique Weapon Boutique.
 63111 | Bazaar   | Bought a potion of resistance for 110 gold pieces
 63111 | Bazaar   | Bought a potion of haste for 110 gold pieces
 63111 | Bazaar   | Bought a potion of curing for 33 gold pieces
 63111 | Bazaar   | Bought a potion of flight for 33 gold pieces
 63111 | Bazaar   | Bought a potion of curing for 33 gold pieces
 63111 | Bazaar   | Bought a potion of cancellation for 88 gold pieces
 63111 | Bazaar   | Bought a potion of cancellation for 88 gold pieces
 63111 | Bazaar   | Bought a potion of cancellation for 88 gold pieces
 63170 | Depths:1 | Found a gateway to Hell.
 63224 | Depths:1 | Reached skill level 17 in Spellcasting
 63412 | Depths:1 | Noticed vortex's illusion
 63415 | Depths:1 | Killed Mara
 64687 | Depths:2 | Found Zaerax's Magic Scroll Boutique.
 64706 | Depths:2 | Noticed Bai Suzhen
 64719 | Depths:2 | Killed Bai Suzhen
 64841 | Depths:2 | Bought a scroll of immolation for 66 gold pieces
 64841 | Depths:2 | Bought a scroll of identify for 38 gold pieces
 64841 | Depths:2 | Bought a scroll of blinking for 142 gold pieces
 64841 | Depths:2 | Bought a scroll of fear for 66 gold pieces
 64841 | Depths:2 | Bought a scroll of teleportation for 57 gold pieces
 64877 | Depths:2 | Noticed a golden dragon
 64941 | Depths:2 | Noticed a caustic shrike
 64949 | Depths:2 | Killed a caustic shrike
 65445 | Depths:2 | Killed a golden dragon
 65523 | Depths:2 | Noticed a juggernaut
 65532 | Depths:2 | Killed a juggernaut
 66240 | Depths:3 | Noticed Frederick
 66244 | Depths:3 | Killed Frederick
 66466 | Depths:3 | Reached XP level 23. HP: 154/154 MP: 27/46
 66967 | Depths:3 | Got a fine dagger
 66968 | Depths:3 | Identified the +8 dagger "Jatte Ypu" {vorpal, rN+ MR+} (You
                  | found it on level 3 of the Depths)
 67859 | Depths:4 | Reached skill level 15 in Evocations
 67914 | Depths:4 | Noticed the Enchantress
 67919 | Depths:4 | Killed the Enchantress
 68197 | Depths:4 | Noticed a caustic shrike
 68201 | Depths:4 | Killed a caustic shrike
 68567 | Depths:4 | Found a burning altar of Makhleb.
 68640 | Depths:4 | Gained mutation: Your muscles are strong. (Str +2)
                  | [evolution]
 68871 | Depths:4 | Reached skill level 18 in Spellcasting
 69140 | Depths:4 | Found a gateway to a ziggurat.
 69437 | Depths:5 | Entered Level 5 of the Depths
 69458 | Depths:5 | Found Ehecodetus's Assorted Antiques.
 69462 | Depths:5 | Found a flickering gateway to a bazaar.
 69470 | Bazaar   | Entered a bazaar
 69500 | Bazaar   | Found Sogas's Armour Emporium.
 69500 | Bazaar   | Found Xegug's Assorted Antiques.
 69510 | Bazaar   | Bought a potion of heal wounds for 140 gold pieces
 69521 | Bazaar   | Found Mughulo's Magic Scroll Emporium.
 69521 | Bazaar   | Found Bicycueb's Magic Scroll Shoppe.
 69525 | Bazaar   | Bought a scroll of identify for 34 gold pieces
 69525 | Bazaar   | Bought a scroll of teleportation for 51 gold pieces
 69525 | Bazaar   | Bought a scroll of magic mapping for 59 gold pieces
 69525 | Bazaar   | Bought a scroll of teleportation for 51 gold pieces
 69525 | Bazaar   | Bought a scroll of teleportation for 51 gold pieces
 69525 | Bazaar   | Bought a scroll of fear for 59 gold pieces
 69531 | Bazaar   | Bought a scroll of identify for 14 gold pieces
 69531 | Bazaar   | Bought a scroll of holy word for 52 gold pieces
 69531 | Bazaar   | Bought a scroll of identify for 14 gold pieces
 69542 | Bazaar   | Found Zust's Magic Scroll Emporium.
 69542 | Bazaar   | Found Ybifu's Assorted Antiques.
 69546 | Bazaar   | Bought a scroll of identify for 34 gold pieces
 69546 | Bazaar   | Bought 2 scrolls of holy word for 255 gold pieces
 69546 | Bazaar   | Bought a scroll of identify for 34 gold pieces
 69546 | Bazaar   | Bought a scroll of enchant armour for 127 gold pieces
 69552 | Bazaar   | Bought a potion of curing for 57 gold pieces
 69552 | Bazaar   | Bought a glimmering rapier for 171 gold pieces
 69552 | Bazaar   | Bought a scroll of blinking for 142 gold pieces
 69552 | Bazaar   | Bought a scroll labeled ATUN ECVEFUYDDAXURR for 19 gold
                  | pieces
 69553 | Bazaar   | Identified the cursed +3 rapier "Qoext" {protect, rC- Int+3
                  | Stlth+} (You bought it in a shop in a bazaar)
 69591 | Bazaar   | Bought a scroll of teleportation for 51 gold pieces
 69591 | Bazaar   | Bought a scroll of teleportation for 51 gold pieces
 69591 | Bazaar   | Bought a scroll of teleportation for 51 gold pieces
 69625 | Bazaar   | Bought a crystal double sword for 560 gold pieces
 69625 | Bazaar   | Identified the +5 double sword of vortex's Sudden Death
                  | {holy, +Inv Str+2 Int+2} (You bought it in a shop in a
                  | bazaar)
 69686 | Depths:5 | Bought a large moonstone ring for 225 gold pieces
 69686 | Depths:5 | Bought a potion of curing for 135 gold pieces
 69686 | Depths:5 | Bought a scroll of identify for 90 gold pieces
 69686 | Depths:5 | Bought a potion of ambrosia for 360 gold pieces
 69994 | Depths:5 | Found Beoseu Huex's Armour Emporium.
 70126 | Depths:5 | Reached XP level 24. HP: 161/161 MP: 6/47
 71157 | Depths:5 | Found a gate to the Realm of Zot.
 71985 | Slime:1  | Entered Level 1 of the Pits of Slime
 73488 | Slime:4  | Gained mutation: Your spells are a little easier to cast,
                  | but a little less powerful. [a shining eye]
 74065 | Slime:4  | Reached skill level 19 in Spellcasting
 74171 | Slime:5  | Entered Level 5 of the Pits of Slime
 74312 | Slime:5  | Noticed the Royal Jelly
 74652 | Slime:5  | Reached XP level 25. HP: 154/167 MP: 39/48
 74654 | Slime:5  | Killed the Royal Jelly
 74810 | Slime:5  | Got a steaming great sword
 74811 | Slime:5  | Identified the +5 great sword of Valuable Assets {elec, rC+
                  | Int+2} (You found it on level 5 of the Pits of Slime)
 74814 | Slime:5  | Got a crude kite shield
 74815 | Slime:5  | Identified the cursed -1 kite shield "Ufubbuss" {MP+9 Str+5
                  | Dex-2 Stlth+} (You found it on level 5 of the Pits of
                  | Slime)
 74857 | Slime:5  | Got a slimy rune of Zot
 74897 | Slime:5  | Got a translucent marble ring
 74899 | Slime:5  | Identified the cursed ring "Jeuhisk" {rF+ rC- Str-4 Int+3
                  | Slay+3} (You found it on level 5 of the Pits of Slime)
 75704 | Crypt:1  | Entered Level 1 of the Crypt
 78078 | Crypt:3  | Entered Level 3 of the Crypt
 78510 | Crypt:3  | Noticed Jory
 78704 | Crypt:3  | Killed Jory
 79047 | Crypt:3  | Identified the ring "Tetiocong" {rF+ MR+}
 79346 | Crypt:3  | Noticed Khufu
 79346 | Crypt:3  | Noticed a greater mummy
 79350 | Crypt:3  | Killed a greater mummy
 79491 | Crypt:3  | Reached skill level 20 in Spellcasting
 79510 | Crypt:3  | Identified the +4 hunting sling "Cufim" {freeze, Stlth+}
 79647 | Crypt:3  | Got a pair of twisted gloves
 79648 | Crypt:3  | Identified the +0 pair of gloves of Boixzuotz {+Inv Dex-3
                  | Stlth+} (You found it on level 3 of the Crypt)
 80201 | Crypt:3  | Found a staircase to the Tomb.
 80238 | Crypt:3  | Killed Khufu
 80241 | Crypt:3  | Noticed a greater mummy
 80342 | Crypt:3  | Killed a greater mummy
 80608 | Crypt:3  | Found an ancient bone altar of Kikubaaqudgha.
 80612 | Crypt:3  | Reached XP level 26. HP: 174/174 MP: 32/49
 80616 | Crypt:3  | Found a basalt altar of Yredelemnul.
 80743 | Crypt:3  | Learned a level 8 spell: Necromutation
 81263 | Elf:1    | Bought a manual of Necromancy for 1324 gold pieces
 81771 | Crypt:3  | Reached skill level 1 in Necromancy
 82291 | Zot:1    | Entered Level 1 of the Realm of Zot
 82367 | Zot:1    | Reached skill level 5 in Necromancy
 83073 | Zot:1    | Reached skill level 10 in Necromancy
 83942 | Zot:1    | Reached skill level 10 in Transmutations
 84138 | Zot:2    | Noticed an ancient lich
 84143 | Zot:1    | Killed an ancient lich
 84222 | Zot:2    | Killed from afar by an electric golem

Illustrated notes

Levels and vault maps discovered:
D:1:      minmay_arrival_widening_spiral_narrow, layout_basic, minmay_tromino_v2
D:2:      layout_rooms
D:3:      layout_loops_ring, lemuel_coloured_pillars_altar,
          nicolae_overflow_crystal_walls, gammafunk_temple_overflow_wave,
          nicolae_dithmenos_shadow_blocks, uniq_ijyb
D:4:      layout_loops_corners, kennysheep_mini_moat, lemuel_crystal_altar,
          kennysheep_generic_room_6, uniq_eustachio
D:5:      layout_basic, eat_drink_and_be_merry_uskayaw
D:6:      layout_cave_pools, minmay_temple_entry_wispy, uniq_grinder,
          uniq_blork_the_orc
D:7:      layout_basic, lemuel_round_altar
D:8:      layout_cave_pools, lightli_temple_of_fire, marbit_many_paths,
          basic_altar, mrwooster_statue_mirror, kennysheep_generic_room_12,
          uniq_erica
D:9:      layout_long_grid, zin_scriptorium, lemuel_crystal_altar,
          kennysheep_orc_monster_closet_entryway, special_room
          [special_room_orc]
D:10:     layout_loops_corners, hangedman_feature_mirror,
          kennysheep_opposing_triangles, uniq_harold
D:11:     layout_cave_pools, david_lair_shrubbed
D:12:     layout_gridville, serial_shops, nicolae_shop_waterfront
D:13:     layout_cave_pools, fountainhead, hangedman_decor_opposing
D:14:     layout_cave_pools, grunt_vaults_entry_tiered, serial_glass,
          glass_columns_a, glass_columns_b, glass_columns_a, glass_columns_a,
          glass_columns_c, glass_columns_b, due_unseen_surprise,
          item_on_display_a, feat_on_display, minmay_strange_pillars,
          gauntlet_entry_generic, uniq_rupert, uniq_jorgrun
D:15:     grunt_enter_depths_giant_problem, layout_cave_pods,
          nicolae_lava_and_water, hellmonk_ghost_happy_afterlife, basic_altar
Temple:   eino_temple_lava
Lair:1:   layout_small_grid, serial_bayou_shore_a, minmay_lair_oklob_chamber,
          lemuel_fruit_fields, serial_bayou_shore_b
Lair:2:   layout_regular_city, serial_rivers, chequers_serial_rivers_small_b,
          chequers_serial_rivers_micro_e, chequers_serial_rivers_small_3,
          chequers_serial_rivers_micro_d, chequers_serial_rivers_small_b,
          chequers_serial_rivers_micro_c, infiniplex_staircase_pool_2,
          grunt_megastairs_5
Lair:3:   layout_chaotic_city, minmay_snake_entry_six_corridors
Lair:4:   layout_misc_corridors, palyth_hydra_swamp_entry,
          infiniplex_staircase_pool
Lair:5:   layout_hall_layers, dpeg_slime_entry_corner, lookout_lair_type,
          nzn_random_ring, lemuel_fruit_fields, grunt_megastairs_1
Lair:6:   wormcave, layout_regular_city, hangedman_lair_caniforms_friends
Swamp:1:  layout_basic_swamp, gammafunk_ghost_arena, evilmike_swamp_ruin_house_6
Swamp:2:  layout_falls_marsh, nicolae_swamp_trees_clearing
Swamp:3:  gammafunk_mikee_crab_dinner, layout_basic_swamp,
          hangedman_swamp_lotus, uniq_louise, uniq_aizul
Swamp:4:  swamp_basic_johnstein, layout_basic_swamp
Snake:1:  layout_layer_cave, basic_altar, serial_bayou_pond_e
Snake:2:  layout_onion, uniq_azrael
Snake:3:  layout_onion_interference, portal_ice_cave_entry_dragon
Snake:4:  johnstein_snake_rune_scales, layout_basic, basic_altar
Slime:1:  layout_caves
Slime:2:  layout_caves
Slime:3:  layout_caves
Slime:4:  layout_caves
Slime:5
Orc:1:    layout_diamond_mine, serial_shops, shop, uniq_urug, uniq_fannar
Orc:2:    pf_orc_diabolical, layout_caves, basic_altar, nicolae_orc_rockfall,
          sword_in_stone, uniq_josephine
Elf:1:    minmay_elf_arrival_circle, layout_loops_corners, serial_shops, shop,
          minmay_elf_annihilation
Elf:2:    layout_onion_city
Elf:3:    minmay_elf_hall_not_hex, layout_loops_corners, serial_shops,
          shop_fountains, nicolae_shop_waterfront, shop, nicolae_shop_waterfront
Vaults:1: vaults_standard_mumra_x, hangedman_vaults_river_flow,
          vaults_room_boxed, v_misc_15, hangedman_vaults_stagger,
          nicolae_vaults_ninety_degrees, vaults_mumra_hex,
          layout_vaults_omnigrid, serial_shops,
          nicolae_shop_temple_entry_statues_fountains, basic_altar
Vaults:2: minmay_crypt_entry_vampire_xt, v_alt_pattern_3, grunt_vaults_funnel,
          v_alt_pattern_6, special_room_vaults [special_room_orc], v_misc_32,
          grunt_vaults_twisty, v_misc_26, ontoclasm_vaults_bender,
          vaults_room_door_hall, vaults_mumra_chevron,
          grunt_vaults_hallway_short, nicolae_vaults_little_squares_6,
          layout_vaults_omnibox
Vaults:3: nicolae_vaults_big_angled_halls, nicolae_vaults_asterisk,
          grunt_vaults_diagonal, hangedman_vaults_restitches,
          hangedman_vaults_stretched_pinwheel, v_alt_pattern_5,
          vaults_room_large_hall, v_rooms_4, vaults_room_stairs_pillars,
          layout_vaults_omnicross, nicolae_trove_entry_free_sample
Vaults:4: vaults_dpeg_spiral, grunt_vaults_bifocal, vaults_standard_mumra_lines,
          vaults_room_hallway, hangedman_vaults_locks, v_pattern_4,
          vaults_mumra_minichess, ontoclasm_vaults_spin,
          ontoclasm_vaults_misaligned, ontoclasm_vaults_claustrophobia,
          ontoclasm_vaults_chip, ontoclasm_vaults_decontamination,
          vaults_dpeg_hooks, layout_vaults_ring, serial_shops,
          nicolae_shop_temple_entry_statues_fountains, uniq_mennas, uniq_margery
Crypt:1:  layout_chaotic_city, grunt_megastairs_3
Crypt:2:  layout_regular_city
Crypt:3:  lightli_unholy_cathedral, layout_chaotic_city,
          tomb_entry_sphere_bobbens, st_stairs_5, uniq_jory, uniq_khufu
Depths:1: layout_big_octagon, pf_dread_powers_of_hell, abyss_entry,
          skrybe_limestone_x, serial_shops, bzr_firewalk, water_maze_lemuel,
          uniq_mara
Depths:2: nicolae_legendary_halls, layout_cave_shapes, serial_shops, shop,
          nrook_mini_vaults, hell_entry, drop_trap, serial_bayou_shore_b,
          uniq_bai_suzhen
Depths:3: lemuel_flame_loot_2, layout_gridlike, hangedman_abyss_or_decor_passed,
          rand_demon_pan_entry_4, hell_entry, infiniplex_staircase_zigzag_3,
          uniq_frederick
Depths:4: minmay_the_grid_four_pointed_star
          [minmay_the_grid_triangle_9x9_limited_checkers,
          minmay_the_grid_triangle_9x9_shrine,
          minmay_the_grid_triangle_9x9_sparse_checkered,
          minmay_the_grid_triangle_9x9_empty, minmay_the_grid_prize_big_room],
          layout_cave_pools, enter_ziggurat_f, abyss_entry, hellmouth_1,
          pan_entry, dk_noncrumbling_4, uniq_enchantress
Depths:5: grunt_twist_and_shout, layout_basic, minmay_misc_feat_five,
          serial_shops, bzr_in_the_mist, shop, shop, hell_entry,
          kennysheep_random_hallway
Zot:1:    layout_basic, grunt_megastairs_2
Zot:2:    ebering_greatest_show_in_zot, layout_misc_corridors,
          st_grand_hoard_of_tiamat

Skill      XL: |  1  2  3  4  5  6  7  8  9 10 11 12 13 14 15 16 17 18 19 20 21 22 23 24 25 26 |
---------------+-------------------------------------------------------------------------------+-----
Conjurations   | 2 3 4 5 6 7 8 9 10 11 12 13 14 15 16 17 18 19 | 19.4
Dodging        | 3 4 5 6 7 8 9 10 11 12 13 14 15 16 17 | 17.9
Stealth        | 3 4 5 6 7 8 9 10 11 12 13 14 15 16 17 18 19 | 19.1
Fighting       | 1 2 3 4 5 6 7 9 10 11 12 13 14 | 14.4
Evocations     | 1 3 4 5 6 7 8 9 10 11 12 13 14 15 16 | 16.5
Spellcasting   | 4 5 6 7 8 9 10 11 12 13 14 15 16 17 18 19 20 | 20.2
Fire Magic     | 4 5 7 8 10 11 12 13 14 15 16 17 18 19 | 19.9
Armour         | 1 2 3 4 5 6 7 |  7.5
Throwing       | 1 2 3 4 |  4.0
Shields        | 3 4 |  4.0
Earth Magic    | 3 10 11 12 13 14 15 16 17 18 | 18.1
Transmutations | 2 5 11 | 11.2
Necromancy     | 14 | 14.4

Action                   |  1- 3 |  4- 6 |  7- 9 | 10-12 | 13-15 | 16-18 | 19-21 | 22-24 | 25-27 || total
-------------------------+-------+-------+-------+-------+-------+-------+-------+-------+-------++-------
Melee: Unarmed           |     1 |       |       |       |       |       |       |       |       ||     1
       Dagger            |     3 |       |       |       |       |       |       |       |       ||     3
       Quarterstaff      |     2 |     7 |       |       |       |       |       |       |       ||     9
       Short sword       |       |    12 |     1 |       |       |       |       |       |       ||    13
       Hand axe          |       |       |     6 |       |    52 |       |       |       |       ||    58
       Mace              |       |       |       |       |    19 |    19 |    33 |     7 |       ||    78
       Peck              |       |       |       |       |       |       |     7 |     1 |       ||     8
       Staff             |       |       |       |       |       |       |       |       |     2 ||     2
 Fire: Hunting sling     |       |       |       |    73 |    49 |    63 |       |       |       ||   185
Throw: Dart              |       |     7 |     5 |       |     1 |     3 |     3 |     8 |       ||    27
 Cast: Foxfire           |    76 |   180 |   372 |   663 |   895 |   281 |    20 |       |     1 ||  2488
       Sticky Flame      |       |       |     5 |   122 |   230 |   107 |    44 |    21 |    15 ||   544
       Fireball          |       |       |       |    26 |   204 |   513 |   535 |   383 |   257 ||  1918
       Conjure Flame     |       |       |       |     1 |       |       |       |       |       ||     1
       Iron Shot         |       |       |       |       |    30 |    94 |    78 |   116 |    72 ||   390
       Starburst         |       |       |       |       |       |     6 |    21 |     8 |     6 ||    41
       Lee's Rapid Decon |       |       |       |       |       |    24 |    49 |    80 |   113 ||   266
       Ignition          |       |       |       |       |       |       |     7 |    65 |    41 ||   113
       Passwall          |       |       |       |       |       |       |       |     3 |       ||     3
       Fire Storm        |       |       |       |       |       |       |       |     1 |     5 ||     6
 Abil: Evoke Flight      |       |       |       |     1 |       |     1 |       |     5 |       ||     7
       Blink             |       |       |       |       |       |     1 |       |     1 |     4 ||     6
Evoke: Wand              |       |     3 |       |     2 |     2 |     9 |     6 |     2 |     1 ||    25
       Phantom mirror    |       |       |       |     1 |       |     1 |     1 |     1 |       ||     4
       Box of beasts     |       |       |       |       |       |       |     3 |     3 |       ||     6
       Lightning rod     |       |       |       |       |       |       |       |     4 |       ||     4
  Use: Potion            |       |     5 |     2 |       |       |     7 |     4 |     3 |     8 ||    29
       Scroll            |       |     3 |     3 |    16 |    20 |     2 |    13 |    15 |     6 ||    78
 Stab: Sleeping          |       |       |       |       |     1 |     1 |     3 |       |     1 ||     6
       Paralysed         |       |       |       |       |       |       |     2 |       |       ||     2
Armor: Robe              |     3 |     4 |       |       |       |       |       |       |       ||     7
       Leather armour    |       |    30 |    24 |    57 |    56 |       |       |       |       ||   167
       Fire dragon scale |       |       |       |       |    45 |   109 |    64 |    75 |    52 ||   345
       Swamp dragon scal |       |       |       |       |       |    26 |       |       |       ||    26
       Skin              |       |       |       |       |       |       |       |       |     1 ||     1
Dodge: Dodged            |    10 |    65 |    40 |   212 |   312 |   305 |   117 |    64 |    70 ||  1195
Block: Other             |       |       |       |    34 |       |       |       |       |       ||    34
       Buckler           |       |       |       |     9 |   179 |   195 |    80 |    57 |    41 ||   561
       Reflection        |       |       |       |       |       |    24 |    36 |    17 |     1 ||    78

Table legend: (Time is in decaauts)
 A = Elapsed time spent in this place.
 B = Non-inter-level travel time spent in this place.
 C = Inter-level travel time spent in this place.
 D = Time resting spent in this place.
 E = Time spent auto-exploring this place.
 F = Levels seen in this place.
 G = Mean time per level.
                   A        B        C        D        E       F      G
               +--------+--------+--------+--------+--------+-----+--------+
         Total |  80768 |  69917 |  10851 |   4742 |  51610 |  59 | 1368.9 |
       Dungeon |  24947 |  21887 |   3060 |   1397 |  16908 |  15 | 1663.1 |
        Temple |     14 |      2 |     12 |      0 |      0 |   1 |   14.0 |
          Lair |  10372 |   8938 |   1434 |    476 |   6330 |   6 | 1728.7 |
         Swamp |   5360 |   4861 |    499 |    277 |   3503 |   4 | 1340.0 |
     Snake Pit |   5900 |   5341 |    559 |    671 |   3694 |   4 | 1475.0 |
    Slime Pits |   3134 |   2756 |    378 |    618 |   1735 |   5 |  626.8 |
  Orcish Mines |   3421 |   2457 |    964 |     69 |   1621 |   2 | 1710.5 |
   Elven Halls |   4668 |   4004 |    664 |     52 |   3181 |   3 | 1556.0 |
        Vaults |   7942 |   6347 |   1595 |     74 |   5115 |   4 | 1985.5 |
         Crypt |   5055 |   4328 |    727 |    328 |   3337 |   3 | 1685.0 |
        Depths |   8014 |   7215 |    799 |    722 |   5068 |   5 | 1602.8 |
           Zot |   1411 |   1255 |    156 |     30 |    964 |   2 |  705.5 |
         Abyss |    127 |    127 |      0 |      0 |      0 |   2 |   63.5 |
        Bazaar |    255 |    255 |      0 |     26 |    147 |   2 |  127.5 |
         Trove |    142 |    142 |      0 |      0 |      1 |   1 |  142.0 |
               +--------+--------+--------+--------+--------+-----+--------+

Top non-repeatable levels by time:
   Orc:2: 2849 daAuts
     D:4: 2649 daAuts
    D:10: 2587 daAuts
  Lair:6: 2515 daAuts
Depths:5: 2350 daAuts
Vaults:2: 2333 daAuts
     D:9: 2307 daAuts
 Crypt:3: 2252 daAuts
 Snake:4: 2103 daAuts
     D:8: 2064 daAuts
  Lair:1: 2060 daAuts
Vaults:4: 2018 daAuts
Vaults:1: 1942 daAuts
    D:11: 1891 daAuts
     D:3: 1873 daAuts
